TOP OF THE 1ST |
Alameda Airmen batting - Pitching for Put-In-Bay BC : RHP Ricardo García
|
Pitching: RHP Ricardo García
|
|
Batting: RHB Teobaldo Pasquetto
|
0-0: Ground out 3-1 (Groundball, 34S)
|
Batting: SHB Charles Weber
|
0-0: Swinging Strike 0-1: Called Strike 0-2: Strikes out swinging
|
Batting: RHB Guus de Weerdt
|
0-0: Ball 1-0: Foul Ball, location: 2F 1-1: Called Strike 1-2: Ball 2-2: Ground out 6-3 (Groundball, 6)
|
Top of the 1st over - 0 runs, 0 hits, 0 errors, 0 left on base; Alameda 0 - Put-In-Bay 0 |
BOTTOM OF THE 1ST |
Put-In-Bay BC batting - Pitching for Alameda Airmen : RHP Kendarian Handy-Holly
|
Pitching: RHP Kendarian Handy-Holly
|
|
Batting: SHB Theron Montecalvo
|
0-0: Ground out 1-3 (Groundball, 13)
|
Batting: RHB Andrew Cantrell
|
0-0: Ball 1-0: Ball 2-0: Called Strike 2-1: Ball 3-1: Called Strike 3-2: Base on Balls
|
Batting: RHB Steven Rohrs
|
0-0: Fly out, F9 (Flyball, 9LM)
|
Batting: LHB Vladya Pugiev
|
0-0: Ball 1-0: Ball 2-0: Called Strike 2-1: Ground out 4-3 (Groundball, 4)
|
Bottom of the 1st over - 0 runs, 0 hits, 0 errors, 1 left on base; Alameda 0 - Put-In-Bay 0 |
TOP OF THE 2ND |
Alameda Airmen batting - Pitching for Put-In-Bay BC : RHP Ricardo García
|
Batting: LHB Tim O'Neal
|
0-0: Called Strike 0-1: Ball 1-1: Called Strike 1-2: Foul Ball, location: 2F 1-2: Ground out 6-3 (Groundball, 6)
|
Batting: RHB Carl Herbert
|
0-0: Ball 1-0: Ball 2-0: Called Strike 2-1: TRIPLE (Line Drive, 8RXD)
|
Batting: LHB Lukas Gleirscher
|
0-0: Ball 1-0: Ball 2-0: Ball 3-0: Called Strike 3-1: Ground out 1-3 (Groundball, 13S)
|
Batting: RHB Arturo Urquiza
|
0-0: Ball 1-0: Ground out U3 (Groundball, 34)
|
Top of the 2nd over - 0 runs, 1 hit, 0 errors, 1 left on base; Alameda 0 - Put-In-Bay 0 |
BOTTOM OF THE 2ND |
Put-In-Bay BC batting - Pitching for Alameda Airmen : RHP Kendarian Handy-Holly
|
Batting: RHB Manny Bendixen
|
0-0: Ball 1-0: Called Strike 1-1: Called Strike 1-2: SINGLE (Line Drive, 7LM)
|
Batting: RHB Franklin Kelley
|
0-0: Ball 1-0: Called Strike 1-1: Foul Ball, location: 2F 1-2: Ball 2-2: Ground out 5-3 (Groundball, 56S) Manny Bendixen to second
|
Batting: RHB Brock Dean
|
0-0: Swinging Strike 0-1: Foul Ball, location: 2F 0-2: Ball 1-2: Foul Ball, location: 2F 1-2: Fly out, F8 (Flyball, 8RD) Runner from 2nd tags up, SAFE at 3rd with throw
|
Batting: RHB Oscar McMillan
|
0-0: Ball 1-0: Ball 2-0: Ball Wild Pitch! Manny Bendixen scores 3-0: Called Strike 3-1: Fly out, F7 (Flyball, 7S)
|
Bottom of the 2nd over - 1 run, 1 hit, 0 errors, 0 left on base; Alameda 0 - Put-In-Bay 1 |
TOP OF THE 3RD |
Alameda Airmen batting - Pitching for Put-In-Bay BC : RHP Ricardo García
|
Batting: LHB Rodrigo Rodríguez
|
0-0: Fly out, F4 (Line Drive, 4)
|
Batting: RHB Mick Spargo
|
0-0: Called Strike 0-1: Foul Ball, location: 2F 0-2: Ball 1-2: Strikes out swinging
|
Batting: RHB Teobaldo Pasquetto
|
0-0: Ground out U3 (Groundball, 34S)
|
Top of the 3rd over - 0 runs, 0 hits, 0 errors, 0 left on base; Alameda 0 - Put-In-Bay 1 |
BOTTOM OF THE 3RD |
Put-In-Bay BC batting - Pitching for Alameda Airmen : RHP Kendarian Handy-Holly
|
Batting: RHB Al Grant
|
0-0: Ball 1-0: Called Strike 1-1: Swinging Strike 1-2: Foul Ball, location: 2F 1-2: Strikes out swinging
|
Batting: SHB Theron Montecalvo
|
0-0: Ball 1-0: SINGLE (Groundball, 34) (infield hit)
|
Batting: RHB Andrew Cantrell
|
0-0: Ball Theron Montecalvo is caught stealing 2nd base 1-0: Called Strike 1-1: Fly out, F9 (Flyball, 89M)
|
Bottom of the 3rd over - 0 runs, 1 hit, 0 errors, 0 left on base; Alameda 0 - Put-In-Bay 1 |
TOP OF THE 4TH |
Alameda Airmen batting - Pitching for Put-In-Bay BC : RHP Ricardo García
|
Batting: SHB Charles Weber
|
0-0: Called Strike 0-1: Called Strike 0-2: Foul Ball, location: 2F 0-2: Ball 1-2: Ball 2-2: Strikes out looking
|
Batting: RHB Guus de Weerdt
|
0-0: Ball 1-0: Called Strike 1-1: Ball 2-1: Swinging Strike 2-2: Strikes out swinging
|
Batting: LHB Tim O'Neal
|
0-0: Fly out, F8 (Line Drive, 89D)
|
Top of the 4th over - 0 runs, 0 hits, 0 errors, 0 left on base; Alameda 0 - Put-In-Bay 1 |
BOTTOM OF THE 4TH |
Put-In-Bay BC batting - Pitching for Alameda Airmen : RHP Kendarian Handy-Holly
|
Batting: RHB Steven Rohrs
|
0-0: DOUBLE (Line Drive, 78D)
|
Batting: LHB Vladya Pugiev
|
0-0: Ball 1-0: Called Strike 1-1: Ground out 3-1 (Groundball, 34) Steven Rohrs to third
|
Batting: RHB Manny Bendixen
|
0-0: Ground out 6-3 (Groundball, 6) Steven Rohrs scores
|
Batting: RHB Franklin Kelley
|
0-0: Called Strike 0-1: Fly out, F9 (Flyball, 9LMF)
|
Bottom of the 4th over - 1 run, 1 hit, 0 errors, 0 left on base; Alameda 0 - Put-In-Bay 2 |
TOP OF THE 5TH |
Alameda Airmen batting - Pitching for Put-In-Bay BC : RHP Ricardo García
|
Batting: RHB Carl Herbert
|
0-0: SINGLE (Groundball, 56D)
|
Batting: LHB Lukas Gleirscher
|
0-0: Foul Ball, location: 2F 0-1: Ball 1-1: Ball 2-1: Swinging Strike 2-2: Foul Ball, location: 2F 2-2: Ball 3-2: Strikes out swinging Carl Herbert is caught stealing 2nd base Batter strikes out.
|
Batting: RHB Arturo Urquiza
|
0-0: Swinging Strike 0-1: Foul Ball, location: 2F 0-2: Ball 1-2: Ball 2-2: Strikes out swinging
|
Top of the 5th over - 0 runs, 1 hit, 0 errors, 0 left on base; Alameda 0 - Put-In-Bay 2 |
BOTTOM OF THE 5TH |
Put-In-Bay BC batting - Pitching for Alameda Airmen : RHP Kendarian Handy-Holly
|
Batting: RHB Brock Dean
|
0-0: SINGLE (Line Drive, 89S)
|
Batting: RHB Oscar McMillan
|
0-0: Ball 1-0: Ball 2-0: Called Strike Brock Dean steals 2nd base 2-1: Sac Bunt - play at first, batter OUT! 1-4 Brock Dean to third
|
Batting: RHB Al Grant
|
0-0: Ball 1-0: Ground out 5-3 (Groundball, 56S) Brock Dean scores
|
Batting: SHB Theron Montecalvo
|
0-0: Called Strike 0-1: Called Strike 0-2: Ball 1-2: Strikes out swinging, 2-3 out at first.
|
Bottom of the 5th over - 1 run, 1 hit, 0 errors, 0 left on base; Alameda 0 - Put-In-Bay 3 |
TOP OF THE 6TH |
Alameda Airmen batting - Pitching for Put-In-Bay BC : RHP Ricardo García
|
Batting: LHB Rodrigo Rodríguez
|
0-0: Ground out U3 (Groundball, 3)
|
Batting: RHB Mick Spargo
|
0-0: SINGLE (Line Drive, 6D)
|
Batting: RHB Teobaldo Pasquetto
|
Pickoff Throw to First - Error! E1 Mick Spargo to second 0-0: Ball 1-0: Ball 2-0: Ball 3-0: Called Strike 3-1: Foul Ball, location: 2F 3-2: Strikes out swinging
|
Batting: SHB Charles Weber
|
0-0: Ball 1-0: Ball 2-0: Called Strike 2-1: Ball 3-1: Foul Ball, location: 2F 3-2: Base on Balls
|
Batting: RHB Guus de Weerdt
|
0-0: Ball 1-0: Fielders Choice at 2nd, 6-4 (Groundball, 56)
|
Top of the 6th over - 0 runs, 1 hit, 1 error, 2 left on base; Alameda 0 - Put-In-Bay 3 |
BOTTOM OF THE 6TH |
Put-In-Bay BC batting - Pitching for Alameda Airmen : RHP Kendarian Handy-Holly
|
Batting: RHB Andrew Cantrell
|
0-0: Ball 1-0: Ball 2-0: Called Strike 2-1: Foul Ball, location: 2F 2-2: Ground out 5-3 (Groundball, 56S)
|
Batting: RHB Steven Rohrs
|
0-0: Called Strike 0-1: Ground out 6-3 (Groundball, 6M)
|
Batting: LHB Vladya Pugiev
|
0-0: Ball 1-0: Ball 2-0: Swinging Strike 2-1: Fly out, F3 (Line Drive, 3)
|
Bottom of the 6th over - 0 runs, 0 hits, 0 errors, 0 left on base; Alameda 0 - Put-In-Bay 3 |
TOP OF THE 7TH |
Alameda Airmen batting - Pitching for Put-In-Bay BC : RHP Ricardo García
|
Batting: LHB Tim O'Neal
|
0-0: Ball 1-0: Foul Ball, location: 2F 1-1: Foul Ball, location: 2F 1-2: Strikes out swinging
|
Batting: RHB Carl Herbert
|
0-0: Called Strike 0-1: Ball 1-1: Swinging Strike 1-2: Ball 2-2: Foul Ball, location: 2F 2-2: Strikes out swinging
|
Batting: LHB Lukas Gleirscher
|
0-0: Ball 1-0: Ball 2-0: Ball 3-0: Called Strike 3-1: Base on Balls
|
Batting: RHB Arturo Urquiza
|
0-0: Ball 1-0: Ball 2-0: Called Strike 2-1: Called Strike 2-2: Fielders Choice at 2nd, 5-4 (Groundball, 5)
|
Top of the 7th over - 0 runs, 0 hits, 0 errors, 1 left on base; Alameda 0 - Put-In-Bay 3 |
BOTTOM OF THE 7TH |
Put-In-Bay BC batting - Pitching for Alameda Airmen : RHP Kendarian Handy-Holly
|
Batting: RHB Manny Bendixen
|
0-0: Ground out 6-3 (Groundball, 6S)
|
Batting: RHB Franklin Kelley
|
0-0: Foul Ball, location: 2F 0-1: SINGLE (Groundball, 56D)
|
Batting: RHB Brock Dean
|
0-0: SINGLE (Groundball, 34S) (infield hit) Franklin Kelley to second
|
Batting: RHB Oscar McMillan
|
0-0: Fly out, F9 (Flyball, 9LS)
|
Batting: RHB Al Grant
|
0-0: Called Strike 0-1: Ball 1-1: Ball 2-1: Ball 3-1: Base on Balls Franklin Kelley to third Brock Dean to second
|
Batting: SHB Theron Montecalvo
|
0-0: Ball 1-0: Swinging Strike 1-1: Foul Ball, location: 2F 1-2: Strikes out swinging
|
Bottom of the 7th over - 0 runs, 2 hits, 0 errors, 3 left on base; Alameda 0 - Put-In-Bay 3 |
TOP OF THE 8TH |
Alameda Airmen batting - Pitching for Put-In-Bay BC : RHP Ricardo García
|
Batting: LHB Rodrigo Rodríguez
|
0-0: Called Strike 0-1: Ball 1-1: Foul Ball, location: 2F 1-2: SINGLE (Flyball, 78M)
|
Pitching: RHP Keith Hagood
|
|
Batting: RHB Mick Spargo
|
0-0: Foul Ball, location: 2F 0-1: Foul Ball, location: 2F 0-2: Ball 1-2: Fly out, F7 (Flyball, 7)
|
Batting: RHB Teobaldo Pasquetto
|
0-0: Called Strike 0-1: Ball 1-1: Fly out, F9 (Flyball, 9)
|
Batting: SHB Charles Weber
|
0-0: Ball 1-0: Ball 2-0: Foul Ball, location: 2F 2-1: Ball 3-1: Called Strike 3-2: Base on Balls Rodrigo Rodríguez to second
|
Batting: RHB Guus de Weerdt
|
0-0: Called Strike 0-1: Foul Ball, location: 2F 0-2: Ball 1-2: Ground out 1-3 (Groundball, 15S)
|
Top of the 8th over - 0 runs, 1 hit, 0 errors, 2 left on base; Alameda 0 - Put-In-Bay 3 |
BOTTOM OF THE 8TH |
Put-In-Bay BC batting - Pitching for Alameda Airmen : RHP Kendarian Handy-Holly
|
Batting: RHB Andrew Cantrell
|
0-0: Ball 1-0: Ball 2-0: Foul Ball, location: 2F 2-1: Ball 3-1: Called Strike 3-2: Base on Balls
|
Pitching: RHP Marvin Cahill
|
|
Batting: RHB Steven Rohrs
|
0-0: Called Strike 0-1: Swinging Strike 0-2: Fly out, F8 (Line Drive, 8LM)
|
Batting: LHB Vladya Pugiev
|
0-0: Fielders Choice at 2nd, 5-4 (Groundball, 56)
|
Batting: RHB Manny Bendixen
|
0-0: Called Strike 0-1: Ball Throwing error on steal attempt, E2 Vladya Pugiev to third 1-1: Ball 2-1: SINGLE (Line Drive, 4MD) Vladya Pugiev scores
|
Batting: RHB Franklin Kelley
|
0-0: Ball 1-0: Ball 2-0: Swinging Strike 2-1: Ball 3-1: Base on Balls Manny Bendixen to second
|
Batting: RHB Brock Dean
|
0-0: Ball 1-0: Ball 2-0: Ground out 5-3 (Groundball, 56S)
|
Bottom of the 8th over - 1 run, 1 hit, 1 error, 2 left on base; Alameda 0 - Put-In-Bay 4 |
TOP OF THE 9TH |
Alameda Airmen batting - Pitching for Put-In-Bay BC : RHP Keith Hagood
|
Batting: LHB Tim O'Neal
|
0-0: Fly out, F8 (Flyball, 8RD)
|
Batting: RHB Carl Herbert
|
0-0: Called Strike 0-1: Ball 1-1: Swinging Strike 1-2: Foul Ball, location: 2F 1-2: Ground out 6-3 (Groundball, 6M)
|
Batting: LHB Lukas Gleirscher
|
0-0: Ball 1-0: Ball 2-0: Ball 3-0: Called Strike 3-1: Base on Balls
|
Batting: RHB Arturo Urquiza
|
0-0: Called Strike 0-1: Fly out, F8 (Flyball, 8RD)
|
Top of the 9th over - 0 runs, 0 hits, 0 errors, 1 left on base; Alameda 0 - Put-In-Bay 4 |
|